 Dungeon Crawl Stone Soup version 0.32-a0-473-gd044c6f0f0 (webtiles) character file.

Game seed: 2616039096862860670

365 horus123 the Basher (level 6, -8/52 HPs)
             Began as a Mountain Dwarf Fighter on Feb 26, 2024.
             Killed from afar by Dowan (14 damage)
             ... with a stone arrow
             ... on level 4 of the Dungeon.
             The game lasted 00:05:05 (2560 turns).

horus123 the Basher (Mountain Dwarf Fighter)        Turns: 2560, Time: 00:05:07

Health: -8/52      AC:  6    Str: 19    XL:     6   Next: 40%
Magic:  6/6        EV: 10    Int: 16    God:
Gold:   213        SH:  5    Dex: 15    Spells: 3/5 levels left

rFire   . . .        w - +0 morningstar
rCold   . . .        c - +0 buckler
rNeg    . . .        j - +0 ring mail
rPois   .            (no helmet)
rElec   .            l - scarf {+Inv}
rCorr   .            (no gloves)
SInv    .            r - +0 pair of boots
Will    .....        (no amulet)
Stlth   +            e - +6 ring of intelligence
HPRegen 0.28/turn    k - +6 ring of dexterity
MPRegen 0.10/turn

%: no passive effects
@: no status effects
A: runic magic, artefact enchanting
a: Evoke Invisibility


You were on level 4 of the Dungeon.
You visited 1 branch of the dungeon, and saw 4 of its levels.

You collected 213 gold pieces.

Inventory:

Hand Weapons
 a - a +0 flail
 o - a +1 long sword of electrocution
 w - a +0 morningstar (weapon)
Missiles
 q - 2 throwing nets (quivered)
Armour
 b - a +0 scale mail
 c - a +0 buckler (worn)
 j - a +0 ring mail (worn)
 l - a scarf of invisibility (worn)
 r - a +0 pair of boots (worn)
Jewellery
 e - a +6 ring of intelligence (left hand)
 k - a +6 ring of dexterity (right hand)
 s - a ring of see invisible
 u - a ring of willpower
Scrolls
 g - 2 scrolls of identify {unknown}
 i - 2 scrolls of enchant armour {unknown}
 p - a scroll of teleportation {unknown}
 v - a scroll of fear {unknown}
Potions
 d - 2 potions of might
 f - 2 potions of curing {unknown}
 h - 2 potions of magic {unknown}
 n - a potion of haste {unknown}
 t - a potion of cancellation {unknown}


   Skills:
 + Level 3.9 Fighting
 - Level 8.0 Maces & Flails
 - Level 3.2 Armour
 - Level 3.2 Shields


You had 3 spell levels left.
You knew the following spells:

 Your Spells              Type           Power      Damage    Failure   Level
a - Static Discharge      Conj/Air       0%         3-3/arc   47%         2

Your spell library contained the following spells:

 Spells                   Type           Power      Damage    Failure   Level
 Ensorcelled Hibernation  Hex/Ice        0%         N/A       47%         2
 Fugue of the Fallen      Necr           0%         N/A       71%         3
 Tukima's Dance           Hex            0%         N/A       71%         3
 Airstrike                Air            0%         2d(0-16)  98%         4
 Anguish                  Hex/Necr       0%         N/A       98%         4
 Dimensional Bullseye     Hex/Tloc       0%         N/A       98%         4
 Iskenderun's Mystic Bla  Conj/Tloc      0%         2d3       98%         4
 Summon Lightning Spire   Summ/Air       0%         N/A       98%         4


Dungeon Overview and Level Annotations

Branches:
Dungeon (4/15)
 Temple: D:4-7

Altars:
Cheibriados
Trog

Annotations:
D:3 3 runed translucent doors, CougarLife's ghost, amateur GrEE
D:4 Dowan


Innate Abilities, Weirdness & Mutations

Your spellcasting is much less encumbered by armour.
You can use scrolls of enchantment on lesser artefacts.


Message History

Dowan closely misses you. Duvessa hits you with a +0 short sword.
You closely miss Dowan.
Dowan hits you with a +2 dagger of speed!
Duvessa barely misses you.
You completely miss Duvessa.
Duvessa is severely wounded.
You block Dowan's attack. Duvessa hits you but does no damage.
Dowan points at you and mumbles some strange words.
You resist with some effort.
You thump Duvessa!
You kill Duvessa!
Dowan seems overcome with grief.
Dowan seems to find hidden reserves of power!
Dowan closely misses you. Dowan barely misses you.
Training target 8.0 for Maces & Flails reached!
Your Maces & Flails skill increases to level 8!
You need to enable at least one skill for training.
You have reached level 6!
You completely miss Dowan. You block Dowan's attack.
Dowan hits you with a +2 dagger of speed.
Dowan casts a spell at you. The shard of ice misses you.
You miss Dowan.
Dowan points at you and mumbles some strange words.
The stone arrow hits you!
* * * LOW HITPOINT WARNING * * *
You puncture Dowan!
Dowan is moderately wounded.
Dowan barely misses you.
Dowan hits you with a +2 dagger of speed.
* * * LOW HITPOINT WARNING * * *
Dowan hits you but does no damage.
You miss Dowan.
Dowan is moderately wounded.
Dowan hits you with a +2 dagger of speed.
* * * LOW HITPOINT WARNING * * *
Dowan breathes, "And she was my only..."
Dowan casts a spell at you. The stone arrow hits you!
You die...

.....# #.............##
...#.## #..............#
...#..### #..............#
###.....###
#.............##
#..###...####............##
#.# ###...###......######
#.. ####...####.## ...
###..)#..# .. ###@e.######
.. #####......##
#...........#
#....ยง..>...#
#.........>..#
#............#
#.............
##............
#............


You could see Dowan (fast).

Vanquished Creatures
  Duvessa (D:4)
  2 bombardier beetles (D:4)
  An orc priest (D:3)
  Terence (D:2)
  An orc wizard (D:3)
  5 adders
  A dart slug (D:2)
  6 orcs (D:3)
  8 bats
  10 endoplasms
  4 goblins
  7 hobgoblins
  7 jackals
  2 quokkas
  7 ball pythons
  A frilled lizard (D:2)
  7 kobolds
  4 rats
75 creatures vanquished.

Notes
Turn   | Place    | Note
-------+----------+-------------------------------------------
     0 | D:1      | horus123 the Mountain Dwarf Fighter began the quest for the
                  | Orb.
     0 | D:1      | Reached XP level 1. HP: 19/19 MP: 1/1
    72 | D:1      | Reached skill level 3 in Maces & Flails
   145 | D:1      | Reached XP level 2. HP: 25/26 MP: 2/2
   513 | D:1      | Reached skill level 4 in Maces & Flails
   697 | D:2      | Reached XP level 3. HP: 29/31 MP: 3/3
   733 | D:2      | Noticed Terence
   741 | D:2      | Killed Terence
   742 | D:2      | Reached skill level 5 in Maces & Flails
   743 | D:2      | Reached XP level 4. HP: 23/38 MP: 4/4
   809 | D:2      | Found a faded altar of an unknown god.
   829 | D:2      | Learned a level 2 spell: Static Discharge
  1225 | D:3      | Reached skill level 6 in Maces & Flails
  1388 | D:3      | Found a bloodstained altar of Trog.
  1509 | D:3      | Reached XP level 5. HP: 41/45 MP: 5/5
  1540 | D:3      | Reached skill level 7 in Maces & Flails
  1938 | D:3      | Found a runed translucent gate.
  1938 | D:3      | Found a runed translucent gate.
  1939 | D:3      | Found a runed translucent gate.
  1941 | D:3      | Noticed CougarLife's ghost (amateur GrEE)
  2196 | D:4      | Found a snail-covered altar of Cheibriados.
  2537 | D:4      | Noticed Duvessa
  2537 | D:4      | Noticed Dowan
  2556 | D:4      | Killed Duvessa
  2557 | D:4      | Reached skill level 8 in Maces & Flails
  2557 | D:4      | Reached XP level 6. HP: 29/52 MP: 6/6
  2560 | D:4      | Killed from afar by Dowan

Illustrated notes

Levels and vault maps discovered:
D:1:      tarquinn_simple_flora_water_b, layout_rooms, grunt_decor_one_mirror
D:2:      layout_rooms, ebering_ecumenical_altar_mist, uniq_terence
D:3:      layout_loops_cross, amcnicky_altar_gilded, gammafunk_ghost_necromancy,
          grunt_decor_junction
D:4:      layout_cave_pods, slow_altar_2, cheibrodos_sewer_entry_bend,
          uniq_duvessa

Skill      XL: |  1  2  3  4  5 |
---------------+----------------+-----
Maces & Flails | 3 4 5 6 8 |  8.0
Fighting       | |  3.9
Armour         | |  3.2
Shields        | |  3.2

Action                     |  1- 3 |  4- 6 || total
---------------------------+-------+-------++-------
  Melee: Flail             |    72 |       ||    72
         Morningstar       |       |   119 ||   119
    Use: Potion            |     1 |       ||     1
 Armour: Scale mail        |    55 |    80 ||   135
         Ring mail         |       |    26 ||    26
  Dodge: Dodged            |    34 |    78 ||   112
  Block: Buckler           |    14 |    43 ||    57

Table legend: (Time is in decaauts)
 A = Elapsed time spent in this place.
 B = Non-inter-level travel time spent in this place.
 C = Inter-level travel time spent in this place.
 D = Time resting spent in this place.
 E = Time spent auto-exploring this place.
 F = Levels seen in this place.
 G = Mean time per level.
                   A        B        C        D        E       F      G
               +--------+--------+--------+--------+--------+-----+--------+
         Total |   2660 |   2519 |    141 |    105 |   1807 |   4 |  665.0 |
       Dungeon |   2660 |   2519 |    141 |    105 |   1807 |   4 |  665.0 |
               +--------+--------+--------+--------+--------+-----+--------+

Top non-repeatable levels by time:
     D:3: 926 daAuts
     D:1: 672 daAuts
     D:2: 583 daAuts
     D:4: 477 daAuts
